 Dungeon Crawl Stone Soup version 0.30-b1-2-g02819fbbbe (webtiles) character file.

Game seed: 7817065935390611825

144 Angani the Sneak (level 5, -5/24 HPs)
             Began as a Vine Stalker Enchanter on May 18, 2023.
             Slain by an orc
             ... wielding a +1 hand axe of distortion
              (22 damage)
             ... on level 4 of the Dungeon.
             The game lasted 00:07:02 (2544 turns).

Angani the Sneak (Vine Stalker Enchanter)           Turns: 2544, Time: 00:07:05

Health: -5/24      AC:  2    Str: 10    XL:     5   Next: 26%
Magic:  0/3        EV: 12    Int: 15    God:
Gold:   157        SH:  0    Dex: 17    Spells: 8/10 levels left

rFire   . . .        q - +5 demon whip "Spellbinder" {antimagic, disrupt, Will+}
rCold   + . .        (no shield)
rNeg    . . .        b - +0 robe
rPois   .            (no helmet)
rElec   .            (no cloak)
rCorr   .            (no gloves)
SInv    .            (no boots)
Will    +....        n - amulet of magic regeneration
Stlth   +++          g - ring of protection from cold
HPRegen 1.04/turn    (no ring)
MPRegen 0.48/turn

%: guardian spirit
@: no status effects
A: fangs 2, regeneration 1, magic shield, antimagic bite, no potion heal 2
a: no special abilities


You were on level 4 of the Dungeon.
You visited 1 branch of the dungeon, and saw 4 of its levels.

You collected 157 gold pieces.

Inventory:

Hand Weapons
 q - the +5 demon whip "Spellbinder" (weapon) {antimagic, disrupt, Will+}
   (You found it on level 3 of the Dungeon)

   Will:      It increases your willpower.
Armour
 b - a +0 robe (worn)
Jewellery
 g - a ring of protection from cold (left hand)
 n - an amulet of magic regeneration (around neck)
Scrolls
 e - a scroll of enchant weapon {unknown}
 h - a scroll of poison {unknown}
 j - a scroll of fear {unknown}
 l - a scroll of magic mapping {unknown}
 o - a scroll of amnesia {unknown}
 p - a scroll of blinking {unknown}
Potions
 c - 2 potions of invisibility
 d - a potion of resistance {unknown}
 f - 2 potions of attraction {unknown}
 i - a potion of might {unknown}
 k - a potion of curing {unknown}
 m - a potion of flight {unknown}


   Skills:
 - Level 2.1 Short Blades
 + Level 0.3 Maces & Flails
 - Level 1.5 Dodging
 - Level 5.0 Stealth
 - Level 3.0 Spellcasting
 - Level 3.8 Hexes
 - Level 0.7 Ice Magic


You had 8 spell levels left.
You knew the following spells:

 Your Spells              Type           Power      Damage    Failure   Level
a - Ensorcelled Hibernat  Hex/Ice        18%        N/A       12%         2

Your spell library contained the following spells:

 Spells                   Type           Power      Damage    Failure   Level
 Confusing Touch          Hex            13%        N/A       12%         3
 Tukima's Dance           Hex            13%        N/A       12%         3
 Beastly Appendage        Tmut           4%         N/A       21%         1
 Magic Dart               Conj           8%         1d3       21%         1
 Necrotise                Necr           8%         1d4       21%         1
 Sandblast                Erth           4%         2d4       21%         1
 Dazzling Flash           Conj/Hex       16%        N/A       26%         3
 Cigotuvi's Dreadful Rot  Necr/Pois/Air  4%         N/A       30%         2
 Wereblood                Tmut           2%         N/A       30%         2
 Hailstorm                Conj/Ice       3%         3d3       45%         3
 Spider Form              Tmut/Pois      2%         N/A       52%         3
 Ice Form                 Ice/Tmut       3%         N/A       86%         4
 Dispel Undead            Necr           2%         3d7       89%         4
 Death Channel            Necr           1%         N/A       100%        6
 Simulacrum               Ice/Necr       1%         N/A       100%        6


Dungeon Overview and Level Annotations

Branches:
Dungeon (4/15)
 Temple: D:4-7

Altars:


Innate Abilities, Weirdness & Mutations

You have extremely sharp teeth.
Your natural rate of healing is unusually fast.
When hurt, damage is shared between your health and your magic reserves.
Your bite disrupts and absorbs the magic of your enemies.
Potions cannot restore your health.


Message History

Setting a skill training target for Maces & Flails at 12.0.
There is an escape hatch in the ceiling here.
Done exploring.
Done exploring.
Done exploring.
There is a stone staircase leading down here.
You climb downwards.
Found a stone staircase leading down.
There is a stone staircase leading up here.
Casting: Ensorcelled Hibernation (safe; 12% risk of failure)
Confirm with . or Enter, or press ? or * to list all spells.
You can't see any susceptible monsters within range! (Use Z to cast anyway.)
Found a stone.
A kobold comes into view. It is wielding a +0 club.
A kobold is nearby!
Casting: Ensorcelled Hibernation (safe; 12% risk of failure)
Confirm with . or Enter, or press ? or * to list all spells.
Aiming: Ensorcelled Hibernation (safe; 12% risk of failure)
Press: ? - help, Shift-Dir - straight line, f - kobold
Aim: a kobold, wielding a +0 club (chance to affect: 61%)
The kobold resists with significant effort.
An orc comes into view. It is wielding a +0 whip.
An orc comes into view.
It is wielding a +1 hand axe of distortion.
The orc shouts! x2
You whack the kobold!
You kill the kobold!
An orc comes into view. It is wielding a +0 short sword.
Things that are here:
a +0 club; a kobold corpse A scorpion comes into view.
A dart slug comes into view.
The orc hits you with a +1 hand axe of distortion.
Space warps around you.
You hit the orc. Your bite misses the orc.
The orc is severely wounded.
The orc barely misses you.
The orc hits you with a +1 hand axe of distortion.
Space warps horribly around you!!
Ouch! That really hurt!
You die...

.... .#. ### ....
.... ###.. w....
##...##...## ...
.......(..# ...
..>.......##.#
#........o.####.
#.......@..o.s..
#.....).#o.####.
######.......##...#
.............#
##...#
##.##..###### #.#
#....<.# # ####...#
##..# ####


You could see a scorpion, a dart slug and 3 orcs.

Vanquished Creatures
  A gnoll (D:1)
  6 adders
  A worm (D:2)
  3 dart slugs
  3 orcs (D:3)
  3 ball pythons
  4 bats
  5 endoplasms
  6 giant cockroaches
  3 hobgoblins
  6 jackals
  6 kobolds
  2 quokkas (D:1)
  5 frilled lizards
  7 goblins
  5 rats
66 creatures vanquished.

Notes
Turn   | Place    | Note
-------+----------+-------------------------------------------
     0 | D:1      | Angani the Vine Stalker Enchanter began the quest for the
                  | Orb.
     0 | D:1      | Reached XP level 1. HP: 9/9 MP: 4/4
    36 | D:1      | Reached skill level 1 in Short Blades
    97 | D:1      | Reached XP level 2. HP: 3/13 MP: 3/6
   301 | D:1      | Reached skill level 4 in Stealth
   336 | D:1      | Learned a level 2 spell: Ensorcelled Hibernation
   549 | D:1      | Reached XP level 3. HP: 16/16 MP: 7/7
   877 | D:1      | Gained mutation: Your natural rate of healing is unusually
                  | fast. [Vine Stalker growth]
   877 | D:1      | Reached XP level 4. HP: 21/21 MP: 4/9
  1819 | D:3      | Reached XP level 5. HP: 21/24 MP: 0/10
  2223 | D:3      | Got A Tutorial on Sorcery
  2310 | D:3      | Found the +5 demon whip "Spellbinder" {antimagic, disrupt,
                  | Will+}
  2419 | D:3      | Reached skill level 5 in Stealth
  2544 | D:4      | Slain by an orc

Illustrated notes

Levels and vault maps discovered:
D:1:      dpeg_arrival_renting, layout_basic, moated_statue, minivault_23
D:2:      layout_loops_ring
D:3:      layout_basic
D:4:      layout_rooms, minmay_temple_entry_offerings, uniq_grinder,
          uniq_menkaure, uniq_natasha

Skill      XL: |  1  2  3  4  5 |
---------------+----------------+-----
Short Blades   | 1 2 |  2.1
Stealth        | 4 5 |  5.0
Spellcasting   | 3 |  3.0
Maces & Flails | |  0.3
Dodging        | |  1.5
Hexes          | |  3.8
Ice Magic      | |  0.7

Action                     |  1- 3 |  4- 6 || total
---------------------------+-------+-------++-------
  Melee: Dagger            |    75 |    95 ||   170
         Bite              |    14 |    19 ||    33
         Punch             |       |     2 ||     2
         Demon whip        |       |     5 ||     5
   Cast: Ensorcelled Hiber |     3 |    15 ||    18
   Stab: Sleeping          |     7 |    15 ||    22
         Distracted        |       |     2 ||     2
 Armour: Robe              |    17 |     7 ||    24
  Dodge: Dodged            |    50 |    65 ||   115
